Map: Tours du crépuscule

Players

Laky

  • Race: Zerg Zerg
  • League: Silver
  • Spawn Location: 1:00

zidar - Winner!

  • Race: Zerg Zerg
  • League: Silver
  • Spawn Location: 7:00

VOD

Have the link to the VOD?

Description

Time

  • Played on: Jan. 20, 2016, 1:27 p.m.
  • Length: 4:54
Show
View Real Time Build Order
Export as new Build Order

Laky Zerg 

Build Orders: Pool First 

Get SALT Encoding   

  12  0:03  Drone  
  13  0:27  Spawning Pool  
  12  0:28  Drone  
  13  0:40  Overlord  
  13  1:15  Zergling x6  
  13  1:16  Queen  
  18  1:27  Zergling x2  
  19  1:37  Zergling x2  
  20  2:01  Zergling x4  
  22  2:08  Spine Crawler  
  21  2:22  Zergling x2  
  20  2:51  Zergling x6  
  20  3:04  Zergling x2  
  19  3:19  Drone  
  20  3:21  Extractor  
  20  3:22  Hatchery  
  18  3:27  Hatchery  
  18  3:31  Drone  
  18  3:44  Drone  
  18  3:45  Drone x3  
  20  4:01  Zergling x2  
  20  4:02  Zergling x2  
  20  4:08  Roach Warren  
  19  4:11  Drone  
  20  4:20  Spine Crawler  
  19  4:27  Overlord  
  19  4:32  Overlord  
Show
View Real Time Build Order
Export as new Build Order

zidar Zerg - Winner!

Build Orders: Pool First 

Get SALT Encoding   

  12  0:02  Drone  
  13  0:12  Overlord  
  13  0:18  Drone  
  14  0:30  Drone  
  14  0:31  Drone  
  16  0:45  Spawning Pool  
  16  0:46  Drone  
  16  0:51  Extractor, Drone  
  16  1:01  Drone  
  17  1:12  Drone  
  18  1:29  Hatchery  
  17  1:37  Spine Crawler  
  16  1:40  Drone  
  17  1:56  Queen  
  17  2:24  Zergling x2  
  17  2:25  Zergling x4  
  17  3:05  Queen  
  17  3:09  Zergling x6  
  22  3:13  Metabolic Boost  
  22  3:29  Roach Warren  
  21  3:38  Zergling x2  
  21  3:39  Zergling x4  
  24  4:02  Zergling x4  
  26  4:13  Overlord x2  
  26  4:32  Drone x6  
Tags
 
Add a new tag
Caveats
  • Supply blocks, unpowered buildings, or Contaminate may cause inaccurate times.
  • Supply counts are checked every 10 seconds.